 Dungeon Crawl Stone Soup version 0.30.1-9-gdf580d7c3d (webtiles) character file.

Game seed: 12785580672108203130

6787 lonewolfV2 the Fighter (level 11, -4/96 HPs)
             Began as a Formicid Fighter on Oct 21, 2023.
             Slain by a seven-headed hydra (5 damage)
             ... on level 9 of the Dungeon.
             The game lasted 00:23:04 (10504 turns).

lonewolfV2 the Fighter (Formicid Fighter)          Turns: 10504, Time: 00:23:05

Health: -4/96      AC: 13    Str: 41      XL:     11   Next: 25%
Magic:  26/26      EV: 10    Int:  6 (9)  God:
Gold:   308        SH:  9    Dex: 20      Spells: 10/10 levels left

rFire   + . .        q - +7 war axe "Demon's Funeral" {freeze, rElec Str+3 Dex+7}
rCold   + . .        b - +2 buckler of the Lion {-Tele Rampage Str+6 Stlth+}
rNeg    . . .        B - +4 scale mail "Osigaec" {rElec Int+2}
rPois   +            (helmet unavailable)
rElec   +            A - +1 cloak
rCorr   +            (no gloves)
SInv    +            (no boots)
Will    +....        m
                       - Hermit's Pendant {Faith Invo=14 Evo=0 MP+5}
Stlth   +            f - ring of poison resistance
HPRegen 0.36/turn    u - +6 ring of strength
MPRegen 0.20/turn

%: rampage, faith
@: mighty, resistant, invisible
A: permanent stasis, dig shafts and tunnels, antennae 3, four strong arms
a: Dig, Shaft Self


You were on level 9 of the Dungeon.
You visited 1 branch of the dungeon, and saw 10 of its levels.

You collected 672 gold pieces.
You spent 364 gold pieces at shops.

Inventory:

Hand Weapons
 a - a +1 war axe
 q - the +7 war axe "Demon's Funeral" (weapon) {freeze, rElec Str+3 Dex+7}
   (You found it on level 4 of the Dungeon)

   Str:       It affects your strength (+3).
   Dex:       It affects your dexterity (+7).
   rElec:     It insulates you from electricity.
Missiles
 z - 2 throwing nets
Armour
 b - the +2 buckler of the Lion (worn) {-Tele Rampage Str+6 Stlth+}
   (You acquired it on level 3 of the Dungeon)

   Str:       It affects your strength (+6).
   -Tele:     It prevents most forms of teleportation.
   Rampage:   It bestows one free step when moving towards enemies.
   Stlth:     It makes you more stealthy.
 c - a +0 buckler
 A - a +1 cloak (worn)
 B - the +4 scale mail "Osigaec" (worn) {rElec Int+2}
   (You bought it in a shop on level 7 of the Dungeon)

   Int:       It affects your intelligence (+2).
   rElec:     It insulates you from electricity.
Jewellery
 f - a ring of poison resistance (left hand)
 m - the Hermit's Pendant (around neck) {Faith Invo=14 Evo=0 MP+5}
   (You found it on level 3 of the Dungeon)

   [amulet of faith]

   Invo=14: It sets your Invocations skill to 14.
   Evo=0: It sets your Evocations skill to 0.
   It allows you to gain divine favour quickly.
   MP:        It affects your magic capacity (+5).
 s - a ring of protection from cold
 u - a +6 ring of strength (right hand)
 F - the ring of Yduexamyrr {Ice rPois rN+ Stlth-}
   (You found it on level 10 of the Dungeon)

   [ring of ice]

   It enhances your ice magic.
   rF:        It makes you vulnerable to fire.
   rC:        It protects you from cold.
   rPois:     It protects you from poison.
   rN:        It protects you from negative energy.
   Stlth:     It makes you less stealthy.
Wands
 g - a wand of digging (5)
 r - a wand of light (18)
 y - a wand of mindburst (11)
 E - a wand of iceblast (6)
Scrolls
 o - 2 scrolls of teleportation
 x - a scroll of poison
 C - a scroll of fog
 D - a scroll of enchant weapon
Potions
 d - 2 potions of might
 e - a potion of haste
 h - 2 potions of lignification
 i - 2 potions of brilliance
 j - a potion of resistance
 n - 2 potions of degeneration
 p - 3 potions of attraction
 t - 2 potions of mutation
 w - a potion of cancellation


   Skills:
 * Level 12.3 Fighting
 * Level 11.3 Axes
 - Level 4.7 Armour
 - Level 7.4 Shields


You had 10 spell levels left.
You didn't know any spells.
Your spell library contained the following spells:

 Spells                   Type           Power      Damage    Failure   Level
 Necrotise                Necr           0%         1d4       67%         1
 Ensorcelled Hibernation  Hex/Ice        0%         N/A       80%         2
 Passwall                 Tmut/Erth      0%         N/A       80%         2
 Call Canine Familiar     Summ           0%         N/A       95%         3
 Hailstorm                Conj/Ice       0%         3d3       95%         3
 Portal Projectile        Hex/Tloc       0%         N/A       95%         3
 Vampiric Draining        Necr           0%         2d6       95%         3
 Ice Form                 Ice/Tmut       0%         N/A       100%        4
 Leda's Liquefaction      Hex/Erth       0%         N/A       100%        4
 Summon Lightning Spire   Summ/Air       0%         N/A       100%        4
 Agony                    Necr           0%         N/A       100%        5
 Simulacrum               Ice/Necr       0%         N/A       100%        6
 Storm Form               Tmut/Air       0%         N/A       100%        7
 Borgnjor's Revivificati  Necr           0%         N/A       100%        8
 Maxwell's Capacitive Co  Air            0%         ∞         100%        8
 Necromutation            Tmut/Necr      0%         N/A       100%        8
 Death's Door             Necr           0%         N/A       100%        9
 Swiftness                Air            Unusable   N/A       N/A         3

Dungeon Overview and Level Annotations

Branches:
Dungeon (10/15)            Temple (0/1) D:5            Lair (0/5) D:9
    Orc: D:9-12

Altars:
Elyvilon
Hepliaklqana
Xom
Zin
Jiyva

Shops:
D:4 [   D:6 !   D:7 [

Annotations:
D:1 1 transporter
D:8 3 runed translucent doors, fireball365's ghost, novice HOFi
D:9 3 runed translucent doors, exclusion: orange crystal statue


Innate Abilities, Weirdness & Mutations

You cannot be hasted, slowed, berserked, paralysed or teleported.
You can dig through walls and to a lower floor.
You have a pair of large antennae on your head. (SInv)
Your four strong arms can wield two-handed weapons with a shield.


Message History

The seven-headed hydra bites you but does no damage.
Aiming: Iceblast
Press: ? - help, Q - select action, (/) - cycle Shift-Dir - straight line The mass of ice explodes!
The iceblast engulfs the seven-headed hydra!!
The seven-headed hydra is moderately wounded.
Aiming: Bolt of Light
Press: ? - help, Q - select action, (/) - cycle Shift-Dir - straight line, f - seven-headed hydra
Aim: a seven-headed hydra (moderately wounded, unable to see you, 90% to hit)
The bolt of light hits the seven-headed hydra!
The seven-headed hydra is heavily wounded.
The seven-headed hydra is blinded.
Aiming: Iceblast
Press: ? - help, Q - select action, (/) - cycle Shift-Dir - straight line, p - seven-headed hydra The mass of ice explodes!
The iceblast engulfs the seven-headed hydra!
The seven-headed hydra is heavily wounded.
You block the seven-headed hydra's attack.
The seven-headed hydra bites you!
* * * LOW HITPOINT WARNING * * *
You block the seven-headed hydra's attack.
The seven-headed hydra bites you but does no damage.
The seven-headed hydra barely misses you.
The seven-headed hydra bites you but does no damage.
The seven-headed hydra bites you!
* * * LOW HITPOINT WARNING * * *
You feel very mighty all of a sudden.
The seven-headed hydra bites you but does no damage.
You block the seven-headed hydra's attack.
The seven-headed hydra barely misses you.
The seven-headed hydra closely misses you.
The seven-headed hydra barely misses you.
The seven-headed hydra bites you.
* * * LOW HITPOINT WARNING * * *
You block the seven-headed hydra's attack.
You feel protected. The seven-headed hydra bites you.
* * * LOW HITPOINT WARNING * * *
The seven-headed hydra bites you.
You die...

#.##+#...# #.'..'..)8$..+..+. #.#
###.###.##.##../..##.##. #.#
#.##...#..#.....#. #.. #.#
#......##.###.### ##.. #.#
#.......#...#+#. #... #.#
#...###.###.... ###...
#.######...#.....###.###....#
#..........#D......#+#...####
#..........'@...#........# #
#####..........######.......## #
............................# #
.........###'######.........# #
.........#........#.........# #
.........#...)....#.........# #
.........#........#.........# #
.........#........#.........#####
##.......#........'.........(....


You could see a seven-headed hydra (blind).

Vanquished Creatures
  A two-headed ogre (D:8)
  A manticore (D:7)
  An elephant (D:9)
  Maurice (D:8)
  A troll (D:9)
  Prince Ribbit (D:8)
  3 wyverns
  4 yaks
  2 steam dragons
  An acid dragon (D:7)
  A water moccasin (D:8)
  Duvessa (D:5)
  An ice beast (D:6)
  2 orc warriors
  5 sky beasts
  3 ogres
  3 black bears
  4 centaurs
  2 phantoms
  A kobold brigand (D:8)
  2 bullfrogs (D:7)
  3 scorpions
  Dowan (D:5)
  8 killer bees
  A hound (D:6)
  2 jellies
  7 orc priests
  2 sleepcaps (D:6)
  Natasha (thrice) (D:4)
  2 iguanas
  3 orc wizards
  7 gnolls (D:6)
  12 adders
  3 white imps
  An ufetubus (D:7)
  3 worms
  2 dart slugs (D:2)
  37 orcs
  6 endoplasms
  3 giant cockroaches
  2 goblins (D:2)
  4 hobgoblins
  2 jackals (D:2)
  12 kobolds
  4 quokkas
  5 ball pythons
  3 bats
  A frilled lizard (D:1)
  4 rats
184 creatures vanquished.

Notes
Turn   | Place    | Note
-------+----------+-------------------------------------------
     0 | D:1      | lonewolfV2 the Formicid Fighter began the quest for the
                  | Orb.
     0 | D:1      | Reached XP level 1. HP: 18/18 MP: 1/1
   752 | D:1      | Reached XP level 2. HP: 23/24 MP: 2/2
  1267 | D:2      | Reached XP level 3. HP: 30/30 MP: 3/3
  1581 | D:2      | Reached skill level 4 in Fighting
  1581 | D:2      | Reached XP level 4. HP: 37/37 MP: 4/4
  1725 | D:3      | Reached skill level 5 in Shields
  1772 | D:3      | Reached XP level 5. HP: 36/42 MP: 5/5
  1820 | D:3      | Identified a scroll of acquirement
  1820 | D:3      | Acquired the +2 buckler of the Lion {-Tele Rampage Str+6
                  | Stlth+}
  2010 | D:3      | Found a faded altar of an unknown god.
  2010 | D:3      | Found the Hermit's Pendant {Faith Invo=14 Evo=0 MP+5}
  2667 | D:4      | Identified the +7 war axe "Demon's Funeral" {freeze, rElec
                  | Str+3 Dex+7}
  2741 | D:4      | Found Animinic's Armour Shoppe.
  2768 | D:4      | Reached XP level 6. HP: 49/49 MP: 16/16
  2837 | D:4      | Noticed a black bear
  2840 | D:4      | Killed a black bear
  2841 | D:4      | Reached skill level 5 in Fighting
  2847 | D:4      | Noticed Natasha
  2860 | D:4      | Killed Natasha
  2861 | D:4      | Reached XP level 7. HP: 48/56 MP: 17/17
  3002 | D:4      | Noticed Natasha
  3011 | D:4      | Killed Natasha
  3106 | D:4      | Noticed Natasha
  3127 | D:4      | Killed Natasha
  3186 | D:5      | Entered Level 5 of the Dungeon
  3200 | D:5      | Noticed Dowan
  3204 | D:5      | Killed Dowan
  3204 | D:5      | Noticed Duvessa
  3214 | D:5      | Killed Duvessa
  3284 | D:5      | Reached XP level 8. HP: 36/64 MP: 18/18
  3387 | D:5      | Found a staircase to the Ecumenical Temple.
  3450 | D:5      | Noticed a vampire
  3515 | D:5      | Reached skill level 5 in Axes
  3654 | D:5      | Reached skill level 6 in Fighting
  4018 | D:5      | Found a shimmering altar of Xom.
  4201 | D:6      | Found Wohossa's Distillery.
  4327 | D:6      | Reached skill level 7 in Fighting
  4518 | D:6      | Reached XP level 9. HP: 72/72 MP: 19/19
  4819 | D:7      | Noticed a manticore
  4827 | D:7      | Killed a manticore
  4828 | D:7      | Reached skill level 8 in Fighting
  5606 | D:7      | Reached skill level 9 in Fighting
  5867 | D:7      | Reached XP level 10. HP: 83/83 MP: 20/20
  6198 | D:7      | Found Tazo Zypp's Antique Armour Shoppe.
  6204 | D:7      | Bought a cloak for 121 gold pieces
  6204 | D:7      | Bought a heavily runed scale mail for 243 gold pieces
  6204 | D:7      | Identified the +4 scale mail "Osigaec" {rElec Int+2} (You
                  | bought it in a shop on level 7 of the Dungeon)
  6569 | D:8      | Noticed a two-headed ogre
  6574 | D:8      | Noticed Maurice
  6578 | D:8      | Killed a two-headed ogre
  6579 | D:8      | Reached skill level 10 in Fighting
  6583 | D:8      | Killed Maurice
  7094 | D:8      | Identified the +0 scale mail of Dishonesty {rN+}
  7524 | D:8      | Reached skill level 10 in Axes
  7524 | D:8      | Noticed Prince Ribbit
  7531 | D:8      | Killed Prince Ribbit
  7532 | D:8      | Reached skill level 11 in Fighting
  8174 | D:8      | Found a runed translucent gate.
  8174 | D:8      | Found a runed translucent gate.
  8174 | D:8      | Found a runed translucent gate.
  8175 | D:8      | Found a viscous altar of Jiyva.
  8175 | D:8      | Noticed fireball365's ghost (novice HOFi)
  8478 | D:9      | Found a staircase to the Lair.
  8478 | D:9      | Noticed an elephant
  8573 | D:9      | Killed an elephant
  8825 | D:9      | Reached XP level 11. HP: 94/94 MP: 21/21
  9089 | D:9      | Found a hazy altar of Hepliaklqana.
  9292 | D:9      | Found a runed translucent door.
  9311 | D:9      | Found a runed translucent door.
  9327 | D:9      | Found a runed translucent door.
  9348 | D:9      | Found a runed translucent door.
  9380 | D:9      | Noticed an orange crystal statue
 10109 | D:10     | Entered Level 10 of the Dungeon
 10121 | D:10     | Reached skill level 12 in Fighting
 10294 | D:10     | Identified the ring of Yduexamyrr {Ice rPois rN+ Stlth-}
 10368 | D:10     | Found a glowing silver altar of Zin.
 10368 | D:10     | Found a white marble altar of Elyvilon.
 10460 | D:10     | Noticed a four-headed hydra
 10503 | D:9      | HP: 2/96 [seven-headed hydra (6)]
 10504 | D:9      | Slain by a seven-headed hydra

Illustrated notes

Levels and vault maps discovered:
D:1:      spicycebolla_arrival_risky_transporter, layout_basic
D:2:      cheibrodos_old_hovel, layout_rooms
D:3:      layout_rooms, hellmonk_guarded_unrand_hermit
D:4:      layout_basic, serial_shops,
          nicolae_shop_temple_entry_statues_fountains, st_stairs_7, uniq_natasha
D:5:      layout_loops_ring, tgw_xom, minmay_temple_entry_statues_pillars,
          minivault_4, hangedman_abyss_or_decor_jellyfish_corner,
          lightli_corner_chamber, uniq_duvessa
D:6:      layout_cave_pools, serial_shops, nicolae_shop_trees
D:7:      minmay_angry_zag, layout_basic, serial_shops,
          nicolae_shop_tiny_real_fake_doors, chequers_serial_rivers_large_a,
          minmay_crystal_water
D:8:      nicolae_whirlpool, layout_basic, gammafunk_ghost_ooze,
          small_chamber_with_monster, uniq_prince_ribbit1, uniq_maurice
D:9:      layout_irregular_city, worldfamousw_hep_ancestral_shrine,
          david_lair_generic, minmay_statue_crystal_thing
D:10:     layout_roguey, dreamdust_divine_triumvirate, lemuel_tele_altar,
          hiddenorc2_lemuel

Skill      XL: |  1  2  3  4  5  6  7  8  9 10 11 |
---------------+----------------------------------+-----
Fighting       | 4 5 7 9 11 12 | 12.3
Armour         | 4 |  4.7
Shields        | 5 6 7 |  7.4
Axes           | 3 4 6 8 10 11 | 11.3

Action                     |  1- 3 |  4- 6 |  7- 9 | 10-12 || total
---------------------------+-------+-------+-------+-------++-------
  Melee: War axe           |    76 |   121 |   142 |   128 ||   467
  Evoke: Wand              |       |       |       |     7 ||     7
    Use: Scroll            |     1 |    10 |     4 |     5 ||    20
         Potion            |       |       |       |    14 ||    14
   Stab: Invisible         |       |       |       |     3 ||     3
 Armour: Scale mail        |    13 |       |       |    98 ||   111
         Chain mail        |    26 |    57 |       |       ||    83
         Plate armour      |       |       |    54 |     4 ||    58
  Dodge: Dodged            |    35 |    41 |    51 |   105 ||   232
  Block: Buckler           |    20 |    48 |    62 |   101 ||   231
